TOP OF THE 1ST |
Gwinnett Braves batting - Pitching for Albuquerque Isotopes : RHP Jose Avila
|
Pitching: RHP Jose Avila
|
|
Batting: RHB Edgar Castillo
|
0-0: Ball 1-0: Ball 2-0: Ground out U3 (Groundball, 34, EV 108.1 MPH)
|
Batting: LHB Chris Locklear
|
0-0: Ball 1-0: Called Strike 1-1: Fly out, F3 (Line Drive, 34, EV 65.6 MPH)
|
Batting: SHB Brian Bagley
|
0-0: Foul Ball, location: 2F 0-1: Ground out U3 (Groundball, 3, EV 85.6 MPH)
|
Top of the 1st over - 0 runs, 0 hits, 0 errors, 0 left on base; Gwinnett 0 - Albuquerque 0 |
BOTTOM OF THE 1ST |
Albuquerque Isotopes batting - Pitching for Gwinnett Braves : LHP Eduardo Baez
|
Pitching: LHP Eduardo Baez
|
|
Batting: SHB Jamel Wright
|
0-0: Ball 1-0: Ball 2-0: Ground out 5-3 (Groundball, 56S, EV 65.0 MPH)
|
Batting: LHB Pablo Cardona
|
0-0: Called Strike 0-1: Ball 1-1: Ball 2-1: Foul Ball, location: 2F 2-2: Strikes out swinging
|
Batting: RHB Sadataka Kuwahara
|
0-0: Ball 1-0: Ball 2-0: Foul Ball, location: 2F 2-1: Ball 3-1: Base on Balls
|
Batting: LHB Adam Hill
|
0-0: Ball 1-0: Foul Ball, location: 2F 1-1: Ball 2-1: Ball 3-1: Foul Ball, location: 2F 3-2: Base on Balls Sadataka Kuwahara to second
|
Batting: RHB Mike Ball
|
0-0: SINGLE (Flyball, 7LS, EV 89.4 MPH) Sadataka Kuwahara to third Adam Hill to second
|
Batting: LHB Alfredo de la Cruz
|
0-0: Ball 1-0: Foul Ball, location: 2F 1-1: Foul Ball, location: 2F 1-2: Ball 2-2: Ball 3-2: Foul Ball, location: 2F 3-2: Fly out, F5 (Popup, 5SF, EV 80.0 MPH)
|
Bottom of the 1st over - 0 runs, 1 hit, 0 errors, 3 left on base; Gwinnett 0 - Albuquerque 0 |
TOP OF THE 2ND |
Gwinnett Braves batting - Pitching for Albuquerque Isotopes : RHP Jose Avila
|
Batting: SHB Bob Morales
|
0-0: Called Strike 0-1: Swinging Strike 0-2: Strikes out looking
|
Batting: RHB Dave Nickerson
|
0-0: Ball 1-0: Called Strike 1-1: Called Strike 1-2: Fly out, F2 (Popup, 23F, EV 84.4 MPH)
|
Batting: RHB Alex Munoz
|
0-0: Fly out, F9 (Flyball, 89D, EV 103.1 MPH)
|
Top of the 2nd over - 0 runs, 0 hits, 0 errors, 0 left on base; Gwinnett 0 - Albuquerque 0 |
BOTTOM OF THE 2ND |
Albuquerque Isotopes batting - Pitching for Gwinnett Braves : LHP Eduardo Baez
|
Batting: LHB Gabe Harvey
|
0-0: Ball 1-0: DOUBLE (Line Drive, 7LS, EV 93.1 MPH)
|
Batting: RHB Joe LaDue
|
0-0: Swinging Strike 0-1: Ball 1-1: Ball 2-1: Ball 3-1: Foul Ball, location: 2F 3-2: Ground out 6-3 (Groundball, 6, EV 83.8 MPH)
|
Batting: RHB Vinny Estrada
|
0-0: Ball 1-0: Ground out 6-3 (Groundball, 6, EV 101.9 MPH)
|
Batting: SHB Jamel Wright
|
0-0: Foul Ball, location: 2F 0-1: Ball 1-1: Called Strike 1-2: Ball 2-2: Foul Ball, location: 2F 2-2: Foul Ball, location: 2F 2-2: Ball 3-2: Base on Balls
|
Batting: LHB Pablo Cardona
|
0-0: Ball 1-0: Ball 2-0: Ball 3-0: Base on Balls Gabe Harvey to third Jamel Wright to second
|
Batting: RHB Sadataka Kuwahara
|
0-0: Called Strike 0-1: Ball 1-1: Ball 2-1: DOUBLE (Line Drive, 3D, EV 94.4 MPH) Gabe Harvey scores Jamel Wright scores Pablo Cardona to third
|
Batting: LHB Adam Hill
|
0-0: Swinging Strike 0-1: Called Strike 0-2: Strikes out swinging
|
Bottom of the 2nd over - 2 runs, 2 hits, 0 errors, 2 left on base; Gwinnett 0 - Albuquerque 2 |
TOP OF THE 3RD |
Gwinnett Braves batting - Pitching for Albuquerque Isotopes : RHP Jose Avila
|
Batting: RHB Jesse Lester
|
0-0: Foul Ball, location: 2F 0-1: Hit by Pitch
|
Batting: RHB Riley Nasiir
|
0-0: Called Strike 0-1: Ball 1-1: Called Strike 1-2: Ball 2-2: Foul Ball, location: 2F 2-2: Ball 3-2: Base on Balls Jesse Lester to second
|
Batting: RHB Mike Manchester
|
0-0: Called Strike 0-1: Ball 1-1: Foul Ball, location: 2F 1-2: Fly out, F8 (Flyball, 89S, EV 87.5 MPH)
|
Batting: RHB Edgar Castillo
|
0-0: Called Strike 0-1: Ball Jesse Lester steals 3rd base Riley Nasiir to second 1-1: Ball 2-1: Fly out, F7 (Flyball, 7D, EV 101.2 MPH) Runner from 3rd tags up, SCORES, no throw by LF
|
Batting: LHB Chris Locklear
|
0-0: Ball 1-0: Ball 2-0: Swinging Strike 2-1: Foul Ball, location: 2F 2-2: Ball 3-2: Strikes out swinging
|
Top of the 3rd over - 1 run, 0 hits, 0 errors, 1 left on base; Gwinnett 1 - Albuquerque 2 |
BOTTOM OF THE 3RD |
Albuquerque Isotopes batting - Pitching for Gwinnett Braves : LHP Eduardo Baez
|
Batting: RHB Mike Ball
|
0-0: Ball 1-0: Fly out, F9 (Flyball, 89M, EV 86.2 MPH)
|
Batting: LHB Alfredo de la Cruz
|
0-0: Ball 1-0: Ball 2-0: Fly out, F9 (Line Drive, 89M, EV 92.5 MPH)
|
Batting: LHB Gabe Harvey
|
0-0: Ground out 4-3 (Groundball, 4, EV 90.6 MPH)
|
Bottom of the 3rd over - 0 runs, 0 hits, 0 errors, 0 left on base; Gwinnett 1 - Albuquerque 2 |
TOP OF THE 4TH |
Gwinnett Braves batting - Pitching for Albuquerque Isotopes : RHP Jose Avila
|
Batting: SHB Brian Bagley
|
0-0: Ball 1-0: Ball 2-0: Fly out, F4 (Line Drive, 4, EV 71.9 MPH)
|
Batting: SHB Bob Morales
|
0-0: Foul Ball, location: 2F 0-1: Ball 1-1: Swinging Strike 1-2: Ball 2-2: Ball 3-2: Strikes out swinging
|
Batting: RHB Dave Nickerson
|
0-0: Ball 1-0: SINGLE (Groundball, 56D, EV 82.5 MPH) (infield hit)
|
Batting: RHB Alex Munoz
|
0-0: Ball 1-0: Foul Ball, location: 2F 1-1: Called Strike 1-2: Fly out, F4 (Popup, 4S, EV 82.5 MPH)
|
Top of the 4th over - 0 runs, 1 hit, 0 errors, 1 left on base; Gwinnett 1 - Albuquerque 2 |
BOTTOM OF THE 4TH |
Albuquerque Isotopes batting - Pitching for Gwinnett Braves : LHP Eduardo Baez
|
Batting: RHB Joe LaDue
|
0-0: Ball 1-0: Fly out, F7 (Line Drive, 7S, EV 89.4 MPH)
|
Batting: RHB Vinny Estrada
|
0-0: Ground out 6-3 (Groundball, 6, EV 81.9 MPH)
|
Batting: SHB Jamel Wright
|
0-0: Ball 1-0: TRIPLE (Groundball, 5L, EV 107.5 MPH)
|
Batting: LHB Pablo Cardona
|
0-0: Foul Ball, location: 2F 0-1: Ball 1-1: Fly out, F8 (Flyball, 8RD, EV 83.8 MPH)
|
Bottom of the 4th over - 0 runs, 1 hit, 0 errors, 1 left on base; Gwinnett 1 - Albuquerque 2 |
TOP OF THE 5TH |
Gwinnett Braves batting - Pitching for Albuquerque Isotopes : RHP Jose Avila
|
Batting: RHB Jesse Lester
|
0-0: Fly out, F7 (Flyball, 78S, EV 84.4 MPH)
|
Batting: RHB Riley Nasiir
|
0-0: Called Strike 0-1: Ball 1-1: Foul Ball, location: 2F 1-2: Foul Ball, location: 2F 1-2: Foul Ball, location: 2F 1-2: Strikes out swinging
|
Batting: RHB Mike Manchester
|
0-0: Called Strike 0-1: Ball 1-1: Ground out 5-3 (Groundball, 5, EV 84.4 MPH)
|
Top of the 5th over - 0 runs, 0 hits, 0 errors, 0 left on base; Gwinnett 1 - Albuquerque 2 |
BOTTOM OF THE 5TH |
Albuquerque Isotopes batting - Pitching for Gwinnett Braves : LHP Eduardo Baez
|
Batting: RHB Sadataka Kuwahara
|
0-0: Ball 1-0: Foul Ball, location: 2F 1-1: Ball 2-1: Foul Ball, location: 2F 2-2: Ball 3-2: Strikes out swinging
|
Batting: LHB Adam Hill
|
0-0: Foul Ball, location: 2F 0-1: Ball 1-1: SINGLE (Groundball, 6S, EV 61.2 MPH) (infield hit)
|
Batting: RHB Mike Ball
|
0-0: Called Strike 0-1: Ball 1-1: Grounds into double play, 5-4-3 (Groundball, 56S, EV 88.8 MPH)
|
Bottom of the 5th over - 0 runs, 1 hit, 0 errors, 0 left on base; Gwinnett 1 - Albuquerque 2 |
TOP OF THE 6TH |
Gwinnett Braves batting - Pitching for Albuquerque Isotopes : RHP Jose Avila
|
Batting: RHB Edgar Castillo
|
0-0: Ball 1-0: Ground out 4-3 (Groundball, 4, EV 109.4 MPH)
|
Batting: LHB Chris Locklear
|
0-0: Ball 1-0: Ground out 1-3 (Groundball, P, EV 73.8 MPH)
|
Batting: SHB Brian Bagley
|
0-0: Ball 1-0: Ball 2-0: Called Strike 2-1: Ball 3-1: Called Strike 3-2: Foul Ball, location: 2F 3-2: Base on Balls
|
Batting: SHB Bob Morales
|
0-0: Ball 1-0: Ground out 5-3 (Groundball, 56S, EV 68.1 MPH)
|
Top of the 6th over - 0 runs, 0 hits, 0 errors, 1 left on base; Gwinnett 1 - Albuquerque 2 |
BOTTOM OF THE 6TH |
Albuquerque Isotopes batting - Pitching for Gwinnett Braves : LHP Eduardo Baez
|
Batting: LHB Alfredo de la Cruz
|
0-0: Ball 1-0: Ball 2-0: SINGLE (Groundball, 6D, EV 95.6 MPH)
|
Batting: LHB Gabe Harvey
|
0-0: Grounds into double play, 6-4-3 (Groundball, 6, EV 81.2 MPH)
|
Batting: RHB Joe LaDue
|
0-0: Ball 1-0: Foul Ball, location: 2F 1-1: Ball 2-1: Called Strike 2-2: Ball 3-2: Foul Ball, location: 2F 3-2: SINGLE (Groundball, 56D, EV 95.6 MPH)
|
Batting: RHB Vinny Estrada
|
0-0: Called Strike 0-1: Ball Wild Pitch! Joe LaDue to second 1-1: Ground out U3 (Groundball, 34, EV 97.5 MPH)
|
Bottom of the 6th over - 0 runs, 2 hits, 0 errors, 1 left on base; Gwinnett 1 - Albuquerque 2 |
TOP OF THE 7TH |
Gwinnett Braves batting - Pitching for Albuquerque Isotopes : RHP Jose Avila
|
Batting: RHB Dave Nickerson
|
0-0: Fly out, F4 (Popup, 3D, EV 58.8 MPH)
|
Batting: RHB Alex Munoz
|
0-0: Called Strike 0-1: Called Strike 0-2: Foul Ball, location: 2F 0-2: Ground out 4-3 (Groundball, 4, EV 100.0 MPH)
|
Batting: RHB Jesse Lester
|
0-0: Ball 1-0: Foul Ball, location: 2F 1-1: Foul Ball, location: 2F 1-2: Foul Ball, location: 2F 1-2: Ground out U3 (Groundball, 3L, EV 88.8 MPH)
|
Top of the 7th over - 0 runs, 0 hits, 0 errors, 0 left on base; Gwinnett 1 - Albuquerque 2 |
BOTTOM OF THE 7TH |
Albuquerque Isotopes batting - Pitching for Gwinnett Braves : LHP Eduardo Baez
|
Batting: SHB Jamel Wright
|
0-0: Called Strike 0-1: Called Strike 0-2: Ball 1-2: Hit by Pitch
|
Batting: LHB Pablo Cardona
|
0-0: Ball 1-0: Called Strike 1-1: Bunt missed! 1-2: SINGLE (Line Drive, 7S, EV 86.9 MPH) Jamel Wright to second
|
Pitching: RHP Steve Dripps
|
|
Batting: RHB Sadataka Kuwahara
|
0-0: Swinging Strike 0-1: Called Strike 0-2: Strikes out swinging
|
Batting: LHB Adam Hill
|
0-0: Ball 1-0: Ball 2-0: Ball 3-0: Called Strike 3-1: Swinging Strike 3-2: SINGLE (Line Drive, 78S, EV 88.1 MPH) Jamel Wright to third Pablo Cardona to second Runner from 3rd tries for Home, SAFE, throw by LF to home
|
Batting: RHB Mike Ball
|
0-0: Called Strike 0-1: Foul Ball, location: 2F 0-2: Foul Ball, location: 2F 0-2: Ball 1-2: Ball 2-2: SINGLE (Groundball, 4M, EV 106.2 MPH) (infield hit) Pablo Cardona to third Adam Hill to second
|
Batting: LHB Alfredo de la Cruz
|
0-0: Called Strike 0-1: Foul Ball, location: 2F 0-2: Foul Ball, location: 2F 0-2: Ball 1-2: Ball 2-2: Foul Ball, location: 2F 2-2: Foul Ball, location: 2F 2-2: Foul Ball, location: 2F 2-2: Ball 3-2: Grounds into double play, 4-2-3 (Groundball, 34S, EV 71.9 MPH)
|
Bottom of the 7th over - 1 run, 3 hits, 0 errors, 2 left on base; Gwinnett 1 - Albuquerque 3 |
TOP OF THE 8TH |
Gwinnett Braves batting - Pitching for Albuquerque Isotopes : RHP Jose Avila
|
Pinch Hitting: LHB Mark Buchholz
|
0-0: Foul Ball, location: 2F 0-1: Ball 1-1: Swinging Strike 1-2: Ball 2-2: Ball 3-2: Foul Ball, location: 2F 3-2: Strikes out swinging
|
Pitching: RHP Tyler Smith
|
|
Pinch Hitting: LHB Fred Arends
|
0-0: Foul Ball, location: 2F 0-1: Ground out 3-1 (Groundball, 34S, EV 88.8 MPH)
|
Batting: RHB Edgar Castillo
|
0-0: Foul Ball, location: 2F 0-1: Foul Ball, location: 2F 0-2: Foul Ball, location: 2F 0-2: Ball 1-2: Strikes out swinging
|
Top of the 8th over - 0 runs, 0 hits, 0 errors, 0 left on base; Gwinnett 1 - Albuquerque 3 |
BOTTOM OF THE 8TH |
Albuquerque Isotopes batting - Pitching for Gwinnett Braves : RHP Steve Dripps
|
Now at 2B: Mark Buchholz
|
|
Now at 3B: Mike Meeker
|
|
Now at SS: Alex Munoz
|
|
Batting: LHB Gabe Harvey
|
0-0: Ball 1-0: Ball 2-0: Ground out 4-3 (Groundball, 4S, EV 66.2 MPH)
|
Batting: RHB Joe LaDue
|
0-0: Ground out 3-1 (Groundball, 34, EV 84.4 MPH)
|
Batting: RHB Vinny Estrada
|
0-0: Ball 1-0: Foul Ball, location: 2F 1-1: Ground out 6-3 (Groundball, 6, EV 83.1 MPH)
|
Bottom of the 8th over - 0 runs, 0 hits, 0 errors, 0 left on base; Gwinnett 1 - Albuquerque 3 |
TOP OF THE 9TH |
Gwinnett Braves batting - Pitching for Albuquerque Isotopes : RHP Tyler Smith
|
Pitching: RHP Josh Kenyon
|
|
Now at C: Mitchell Greene
|
|
Now at 1B: Vinny Estrada
|
|
Now in LF: Pablo Cardona
|
|
Now in CF: Mike Williams
|
|
Batting: LHB Chris Locklear
|
0-0: Called Strike 0-1: Called Strike 0-2: Foul Ball, location: 2F 0-2: Ball 1-2: Ball 2-2: Foul Ball, location: 2F 2-2: Foul Ball, location: 2F 2-2: Foul Ball, location: 2F 2-2: Ball 3-2: Foul Ball, location: 2F 3-2: Ground out U3 (Groundball, 3, EV 96.9 MPH)
|
Batting: SHB Brian Bagley
|
0-0: Foul Ball, location: 2F 0-1: Ball 1-1: Foul Ball, location: 2F 1-2: Ball 2-2: Strikes out swinging
|
Batting: SHB Bob Morales
|
0-0: Called Strike 0-1: Ball 1-1: Ball 2-1: Fly out, F7 (Flyball, 7, EV 81.9 MPH)
|
Top of the 9th over - 0 runs, 0 hits, 0 errors, 0 left on base; Gwinnett 1 - Albuquerque 3 |
|